 Dungeon Crawl Stone Soup version 0.24-a0-769-g368c1644f8 (webtiles) character file.

Game seed: 12026022751853027592, levelgen mode: deterministic

126 Masnef the Cudgeler (level 5, 0/32 HPs)
             Began as a Kobold Fighter on Oct 4, 2019.
             Killed by divine providence
             ... invoked by an orc priest
              (14 damage)
             ... on level 3 of the Dungeon.
             The game lasted 00:06:39 (2969 turns).

Masnef the Cudgeler (Kobold Fighter)                Turns: 2969, Time: 00:06:39

Health: 0/32       AC:  6    Str: 14    XL:     5   Next: 31%
Magic:  5/5        EV:  8    Int: 10    God:
Gold:   129        SH:  9    Dex: 14    Spells: 4/4 levels left

rFire    . . .     SeeInvis +   o - +1 flail (crush)
rCold    . . .     Gourm    .   c - +0 shield
rNeg     . . .     Faith    .   b - +0 scale mail
rPois    .         Spirit   .   (no helmet)
rElec    .         Reflect  .   (no cloak)
rCorr    .         Harm     .   (no gloves)
MR       .....                  (no boots)
Stlth    ..........             (no amulet)
HPRegen  0.10/turn              j - ring of see invisible
MPRegen  0.09/turn              (no ring)

@: no status effects
A: small, carnivore
a: no special abilities


You were on level 3 of the Dungeon.
You were very full.

You visited 1 branch of the dungeon, and saw 3 of its levels.

You collected 129 gold pieces.

Inventory:

Hand Weapons
 a - a +0 flail
 o - a +1 flail of crushing (weapon)
Armour
 b - a +0 scale mail (worn)
 c - a +0 shield (worn)
Jewellery
 j - a ring of see invisible (left hand)
 r - an uncursed ring of stealth {unknown}
Scrolls
 e - a scroll of magic mapping {unknown}
 k - a scroll of remove curse {unknown}
 m - a scroll of blinking {unknown}
 n - a scroll of identify
 q - a scroll of fog {unknown}
Potions
 d - a potion of haste {unknown}
 g - a potion of heal wounds
 h - a potion of might
 i - a potion of cancellation {unknown}
 l - 2 potions of invisibility
 s - a potion of curing
Comestibles
 f - 5 rations


   Skills:
 - Level 3.2 Fighting
 * Level 4.1 Maces & Flails
 + Level 2.8 Armour
 * Level 2.8 Shields


You had 4 spell levels left.
You didn't know any spells.
Your spell library was empty.

Dungeon Overview and Level Annotations

Branches:
Dungeon (3/15)

Altars:
Gozag
Makhleb
Trog


Innate Abilities, Weirdness & Mutations

You are small and have problems with some larger weapons.
You are carnivorous and can eat meat at any time.


Message History

You block the orc wizard's attack.
You closely miss the orc wizard.
The orc wizard is lightly wounded.
The orc wizard hits you but does no damage.
An orc priest comes into view.
You closely miss the orc wizard.
The orc wizard is lightly wounded.
The orc wizard casts a spell.
The orc wizard blinks!
You aren't carrying any items that you can evoke.
The orc wizard hits you but does no damage.
The orc priest invokes the aid of Beogh against you.
Beogh smites you!
You hear a shout!
You block the orc wizard's attack.
The orc wizard casts a spell.
The orc wizard blinks!
The orc priest mumbles some strange prayers to Beogh against you.
Beogh smites you!
You die...

#.....................##.#
##>.>......#....<.8..(# ..#
#.........##.........# .#
#.........###8.......## #
#######...o....##
##........##
#..............##
#####.....#.
#.#####.........#
##.......%. ##.#
....<....<# #..........
...#
###...#...@######..........
.....#
..###..#.......)...$.....
...#....###
##...ยง...............
.....####
##............/..... ...###
##.......o......... ...#
#.......#..###### ...#
#.......##..... ...#
##......# ..#.. ...
##.##### ....o


You could see an orc priest and an orc wizard.

Vanquished Creatures
  3 adders
  2 worms (D:2)
  5 leopard geckos
  11 orcs
  A giant cockroach (D:1)
  8 goblins
  8 hobgoblins
  10 jackals
  2 quokkas
  4 bats
  4 frilled lizards
  6 kobolds
  7 rats
71 creatures vanquished.

Notes
Turn   | Place    | Note
-------+----------+-------------------------------------------
     0 | D:1      | Masnef the Kobold Fighter began the quest for the Orb.
     0 | D:1      | Reached XP level 1. HP: 14/14 MP: 1/1
    25 | D:1      | Reached skill level 2 in Maces & Flails
    46 | D:1      | Reached XP level 2. HP: 4/19 MP: 2/2
   522 | D:1      | Reached XP level 3. HP: 17/23 MP: 3/3
   532 | D:1      | Reached skill level 3 in Maces & Flails
  1328 | D:2      | Found an opulent altar of Gozag.
  1376 | D:2      | Found a bloodstained altar of Trog.
  1475 | D:2      | Reached XP level 4. HP: 18/28 MP: 4/4
  2588 | D:3      | Reached XP level 5. HP: 24/32 MP: 5/5
  2625 | D:3      | Reached skill level 4 in Maces & Flails
  2818 | D:3      | Found a burning altar of Makhleb.
  2969 | D:3      | Killed from afar by an orc priest

Levels and vault maps discovered:
D:1:      scummos_arrival_forest, layout_loops_corners, st_stairs_7
D:2:      layout_rooms, bloody_trog, nicolae_gozag_seed_capital
D:3:      cheibrodos_pilgrimage, layout_rooms, old_standard_altar,
          hangedman_decor_peaks_small, grunt_ministairs_1, minmay_misc_feat_room

Skill      XL: |  1  2  3  4  5 |
---------------+----------------+-----
Maces & Flails | 2 3 4 |  4.1
Fighting       | |  3.2
Armour         | |  2.8
Shields        | |  2.8

Action                   |  1- 3 |  4- 6 || total
-------------------------+-------+-------++-------
Melee: Flail             |   140 |   135 ||   275
  Use: Potion            |     1 |       ||     1
       Scroll            |       |     1 ||     1
  Eat: Chunk             |    10 |     5 ||    15
Armor: Scale mail        |    63 |    50 ||   113
Dodge: Dodged            |    62 |    47 ||   109
Block: Shield            |    81 |    60 ||   141

Table legend:
 A = Non-vault XP
 B = Vault XP
 C = Vault XP percentage of total XP
 D = Non-vault monster count
 E = Vault monster count
 F = Vault count percentage of total count
                 A         B        C        D         E       F
            +---------+---------+-------+---------+---------+-------
      Total |     159 |      21 |  11.7 |      63 |       8 |  11.3
            +---------+---------+-------+---------+---------+-------
        D:1 |      52 |       3 |   5.5 |      30 |       2 |   6.2
        D:2 |      59 |      12 |  16.9 |      16 |       4 |  20.0
        D:3 |      48 |       6 |  11.1 |      17 |       2 |  10.5
            +---------+---------+-------+---------+---------+-------
